 Dungeon Crawl Stone Soup version 0.31-a0-344-gd109795599 (webtiles) character file.

Game seed: 15652267083148749687

194 gruber the Firebug (level 5, -1/28 HPs)
             Began as a Deep Elf Fire Elementalist on July 21, 2023.
             Slain by a gnoll
             ... wielding a +0 flail
             ... led by a gnoll bouda
              (9 damage)
             ... on level 3 of the Dungeon.
             The game lasted 00:04:42 (4199 turns).

gruber the Firebug (Deep Elf Fire Elementalist)     Turns: 4199, Time: 00:04:42

Health: -1/28      AC:  5    Str:  5    XL:     5   Next: 44%
Magic:  0/11       EV: 12    Int: 22    God:
Gold:   140        SH:  0    Dex: 15    Spells: 4/10 levels left

rFire   . . .        (no weapon)
rCold   . . .        (no shield)
rNeg    . . .        a - +0 robe
rPois   .            h - +0 helmet
rElec   .            (no cloak)
rCorr   .            d - +0 pair of gloves
SInv    .            e - +0 pair of boots
Will    .....        p - amulet of guardian spirit
Stlth   ++           (no ring)
HPRegen 0.24/turn    (no ring)
MPRegen 0.12/turn

%: guardian spirit
@: very slightly contaminated
A: no striking features
a: no special abilities


You were on level 3 of the Dungeon.
You visited 1 branch of the dungeon, and saw 3 of its levels.

You collected 140 gold pieces.

Inventory:

Armour
 a - a +0 robe (worn)
 d - a +0 pair of gloves (worn)
 e - a +0 pair of boots (worn)
 h - a +0 helmet (worn)
Jewellery
 p - an amulet of guardian spirit (around neck)
Wands
 m - a wand of paralysis (12)
Scrolls
 f - 2 scrolls of enchant armour {unknown}
 g - a scroll of fog {unknown}
 i - 3 scrolls of identify {unknown}
 j - a scroll of amnesia {unknown}
 k - a scroll of poison {unknown}
 n - 2 scrolls of vulnerability {unknown}
Potions
 b - a potion of magic
 c - 2 potions of might {unknown}
 l - a potion of degeneration {unknown}
 o - a potion of heal wounds {unknown}


   Skills:
 - Level 2.4 Dodging
 - Level 2.4 Stealth
 - Level 3.0 Spellcasting
 - Level 1.1 Conjurations
 + Level 6.8 Fire Magic


You had 4 spell levels left.
You knew the following spells:

 Your Spells              Type           Power      Damage    Failure   Level
a - Foxfire               Conj/Fire      80%        2x1d8     2%          1
b - Scorch                Fire           66%        2d7       1%          2
c - Volatile Blastmotes   Fire/Tloc      36%        2d13      9%          3

Your spell library contained the following spells:

 Spells                   Type           Power      Damage    Failure   Level
 Inner Flame              Hex/Fire       18%        N/A       9%          3
 Flame Wave               Conj/Fire      20%        2d7       24%         4


Dungeon Overview and Level Annotations

Branches:
Dungeon (3/15)

Altars:


Message History

You conjure some foxfire!
The foxfire hits the gnoll bouda but does no damage.
You conjure some foxfire!
The foxfire hits the gnoll bouda but does no damage.
The foxfire hits the gnoll bouda.
The gnoll bouda is lightly wounded.
The foxfire hits the gnoll bouda!
The gnoll bouda is heavily wounded.
You conjure some foxfire!
The foxfire hits the gnoll bouda.
The gnoll bouda is severely wounded.
The foxfire hits the gnoll bouda but does no damage.
The gnoll bouda is severely wounded.
The gnoll bouda mumbles some strange prayers to its god.
The gnoll bouda is healed somewhat.
You miscast Foxfire.
You are very lightly contaminated with residual magic.
Nothing appears to happen.
The foxfire hits the gnoll bouda.
The gnoll bouda is heavily wounded.
The foxfire hits the gnoll bouda.
The gnoll bouda is severely wounded.
The gnoll hits you with a +0 flail! The gnoll bouda closely misses you.
Unknown command.
Casting: Foxfire (safe; 2% risk of failure)
Confirm with . or Enter, or press ? or * to list all spells.
You conjure some foxfire!
The gnoll hits you with a +0 flail. The gnoll bouda closely misses you.
The gnoll hits you with a +0 whip of electrocution.
You are electrocuted!
* * * LOW HITPOINT WARNING * * *
Unknown command.
Unknown command.
The gnoll attacks as you move away! The gnoll misses you.
The gnoll attacks as you move away! The gnoll closely misses you.
The foxfire hits the gnoll bouda.
The gnoll bouda is almost dead.
The foxfire hits the gnoll bouda.
You kill the gnoll bouda!
A gnoll comes into view. It is wielding a +0 club.
The gnoll hits you with a +0 flail!
You die...

.....# #.....♣♣P.♣
##.####### .....#
#....♣♣..♣♣♣♣.........
.....#
#......♣♣.PP♣..#######
.....# #....PP...PP♣..#
.....# #....♣...P♣♣♣.##
...g.# #####.♣♣.♣♣♣..#
..)#.# ###♣♣♣♣##.# ..
#.#########.g..##.########
g
#..........)g@............
###########..####.########
........g..>###.#.#
............'...#.#
######......###.#.#
#......# #.#.# #......#
#.#.# ######## #.#.# ##.#


You could see 3 gnolls.

Vanquished Creatures
  A gnoll bouda (D:3)
  An orc priest (D:3)
  An orc wizard (D:3)
  2 adders
  5 gnolls (D:3)
  A worm (D:3)
  2 dart slugs (D:3)
  4 orcs (D:3)
  5 endoplasms
  3 giant cockroaches
  7 goblins
  3 hobgoblins
  5 quokkas
  4 ball pythons
  2 bats (D:2)
  6 frilled lizards
  12 kobolds
  7 rats
71 creatures vanquished.

Vanquished Creatures (collateral kills)
  3 foxfires (D:3)
3 creatures vanquished.

Vanquished Creatures (others)
  392 foxfires
392 creatures vanquished.

Grand Total: 466 creatures vanquished

Notes
Turn   | Place    | Note
-------+----------+-------------------------------------------
     0 | D:1      | gruber the Deep Elf Fire Elementalist began the quest for
                  | the Orb.
     0 | D:1      | Reached XP level 1. HP: 10/10 MP: 6/6
   401 | D:1      | Reached XP level 2. HP: 15/15 MP: 5/8
   464 | D:1      | Reached skill level 4 in Fire Magic
  1548 | D:2      | Learned a level 2 spell: Scorch
  1699 | D:2      | Reached XP level 3. HP: 19/19 MP: 6/9
  2302 | D:2      | Reached skill level 5 in Fire Magic
  2829 | D:3      | Reached XP level 4. HP: 24/24 MP: 3/10
  2885 | D:2      | Learned a level 3 spell: Volatile Blastmotes
  2967 | D:3      | Reached skill level 6 in Fire Magic
  3320 | D:3      | Identified the +2 leather armour of Zoalaut {-Cast Str+3
                  | Dex+2}
  3515 | D:3      | Reached XP level 5. HP: 28/28 MP: 3/11
  4199 | D:3      | Slain by a gnoll

Illustrated notes

Levels and vault maps discovered:
D:1:      tarquinn_simple_flora_water_f, layout_basic, minmay_domino_4
D:2:      layout_loops_ring, st_stairs_6, minmay_misc_feat_x, hex_medium
D:3:      layout_basic, serial_forest, infiniplex_forest_lined_room_3,
          infiniplex_forest_end_double, infiniplex_forest_end_2,
          infiniplex_forest_corner_1, infiniplex_forest_clump_small,
          infiniplex_forest_zigzag_2, infiniplex_forest_clump_long,
          kennysheep_pointless_box, minmay_close_crescents

Skill      XL: |  1  2  3  4 |
---------------+-------------+-----
Fire Magic     | 4 5 6 |  6.8
Dodging        | |  2.4
Stealth        | |  2.4
Spellcasting   | |  3.0
Conjurations   | |  1.1

Action                     |  1- 3 |  4- 6 || total
---------------------------+-------+-------++-------
   Cast: Foxfire           |   168 |    88 ||   256
 Armour: Robe              |     9 |     4 ||    13
  Dodge: Dodged            |     6 |     9 ||    15

Table legend: (Time is in decaauts)
 A = Elapsed time spent in this place.
 B = Non-inter-level travel time spent in this place.
 C = Inter-level travel time spent in this place.
 D = Time resting spent in this place.
 E = Time spent auto-exploring this place.
 F = Levels seen in this place.
 G = Mean time per level.
                   A        B        C        D        E       F      G
               +--------+--------+--------+--------+--------+-----+--------+
         Total |   4199 |   4138 |     61 |    111 |   3513 |   3 | 1399.7 |
       Dungeon |   4199 |   4138 |     61 |    111 |   3513 |   3 | 1399.7 |
               +--------+--------+--------+--------+--------+-----+--------+

Top non-repeatable levels by time:
     D:1: 1544 daAuts
     D:2: 1334 daAuts
     D:3: 1320 daAuts
